Map: Lightshade LE

Players

sOs - Winner!

  • Race: Protoss Protoss
  • Spawn Location: 5:00

Probe

  • Race: Protoss Protoss
  • Spawn Location: 11:00

Event: IEM Katowice 2021

VOD

Have the link to the VOD?

Description

Time

  • Played on: Feb. 20, 2021, 8:20 a.m.
  • Length: 10:46

All games in this series

Show
View Real Time Build Order
Export as new Build Order

sOs Protoss - Winner!

Build Orders:  

Get SALT Encoding   

  12  0:00  Probe  
  13  0:12  Probe  
  14  0:17  Pylon  
  14  0:24  Probe (Chrono Boost)  
  16  0:36  Gateway  
  16  0:37  Probe (Chrono Boost)  
  16  0:42  Probe (Chrono Boost)  
  16  0:46  Assimilator  
  17  0:51  Probe (Chrono Boost)  
  17  0:55  Assimilator  
  18  1:03  Probe (Chrono Boost)  
  19  1:08  Gateway  
  19  1:13  Probe (Chrono Boost)  
  19  1:18  Probe  
  20  1:24  Cybernetics Core  
  21  1:30  Probe  
  22  1:35  Pylon  
  22  1:42  Probe  
  23  1:54  Probe  
  23  1:59  Warp Gate (Chrono Boost)  
  23  2:00  Stalker  
  23  2:01  Stalker  
  28  2:06  Probe  
  29  2:14  Pylon  
  29  2:27  Pylon  
  29  2:35  Stalker x2  
  33  2:54  Nexus  
  33  3:02  Shield Battery  
  37  3:17  Pylon  
  37  3:21  Probe  
  37  3:25  Twilight Council  
  34  3:31  Shield Battery  
  34  3:38  Stalker x2  
  34  3:39  Probe  
  39  3:53  Probe  
  40  4:02  Blink  
  40  4:08  Adept x2  
  44  4:13  Probe x2 (Chrono Boost)  
  46  4:23  Probe x2 (Chrono Boost)  
  48  4:25  Robotics Facility  
  48  4:28  Probe x2 (Chrono Boost)  
  50  4:32  Sentry  
  50  4:33  Sentry  
  54  4:39  Probe  
  55  4:47  Pylon  
  55  4:50  Assimilator  
  55  4:51  Probe x2  
  53  5:10  Stalker  
  53  5:11  Stalker  
  53  5:12  Probe x2  
  59  5:19  Observer  
  60  5:24  Probe (Chrono Boost)  
  60  5:28  Nexus  
  62  5:29  Probe (Chrono Boost)  
  62  5:34  Probe (Chrono Boost), Gateway  
  63  5:36  Gateway  
  63  5:37  Probe (Chrono Boost)  
  63  5:39  Sentry  
  63  5:40  Sentry  
  68  5:43  Probe  
  68  5:48  Probe  
  70  5:51  Pylon  
  70  6:09  Probe x2, Observer  
  70  6:10  Stalker x2  
  77  6:13  Charge  
  77  6:14  Forge  
  77  6:34  Probe  
  77  6:36  Pylon  
  77  6:38  Probe  
  77  6:42  Stalker x4  
  77  6:46  Probe x2  
  81  6:52  Observer  
  79  6:55  Protoss Ground Weapons Level 1 (Chrono Boost)  
  79  6:59  Probe x2  
  79  7:00  Probe  
  82  7:04  Gateway  
  82  7:05  Gateway  
  82  7:06  Gateway  
  82  7:11  Probe  
  82  7:12  Gateway  
  82  7:15  Immortal (Chrono Boost), Probe x2  
  84  7:18  Zealot, Sentry  
  84  7:19  Zealot  
  95  7:24  Zealot, Probe  
  98  7:33  Probe  
  98  7:35  Pylon  
  98  7:36  Pylon  
  99  7:38  Pylon  
  99  7:46  Warp Prism (Chrono Boost)  
  99  7:51  Observer  
  101  7:55  Pylon  
  101  7:57  Pylon, Zealot  
  101  7:58  Zealot x3  
  109  8:02  Photon Cannon  
  109  8:05  Zealot x3, Observer  
  111  8:06  Templar Archives  
  111  8:09  Zealot  
  117  8:16  Photon Cannon  
  117  8:19  Zealot x4  
  125  8:38  Zealot x4  
  113  8:56  Warp Prism (Chrono Boost)  
  113  8:58  Zealot x8  
  102  9:21  Assimilator  
  102  9:22  Assimilator  
  96  9:25  High Templar x2  
  96  9:26  High Templar x2  
  96  9:27  Zealot x4  
  96  9:31  Archon x2  
  112  9:40  Nexus  
  112  9:48  Zealot x4  
Show
View Real Time Build Order
Export as new Build Order

Probe Protoss 

Build Orders: Phoenix Opening 

Get SALT Encoding   

  12  0:00  Probe  
  13  0:12  Probe  
  14  0:17  Pylon  
  14  0:24  Probe (Chrono Boost)  
  16  0:37  Probe (Chrono Boost)  
  16  0:39  Gateway  
  16  0:43  Probe (Chrono Boost)  
  16  0:47  Assimilator  
  17  0:51  Probe  
  17  0:55  Assimilator  
  18  1:03  Probe (Chrono Boost)  
  19  1:09  Gateway  
  19  1:13  Probe (Chrono Boost)  
  19  1:18  Probe (Chrono Boost)  
  21  1:26  Cybernetics Core  
  21  1:29  Probe  
  22  1:35  Pylon  
  22  1:41  Probe  
  23  1:53  Probe  
  24  2:00  Warp Gate (Chrono Boost)  
  24  2:02  Adept x2  
  24  2:06  Probe  
  29  2:12  Pylon  
  29  2:18  Probe  
  29  2:21  Pylon  
  30  2:30  Probe  
  30  2:34  Sentry x2  
  35  2:52  Nexus  
  35  2:57  Shield Battery  
  35  3:03  Sentry x2  
  39  3:08  Pylon  
  39  3:09  Phoenix  
  38  3:17  Probe  
  39  3:23  Twilight Council  
  39  3:29  Probe (Chrono Boost)  
  40  3:40  Stalker  
  40  3:41  Stalker, Probe (Chrono Boost)  
  45  3:47  Probe (Chrono Boost)  
  44  3:59  Probe  
  45  4:07  Stalker x2  
  45  4:09  Probe  
  50  4:11  Probe  
  51  4:21  Probe  
  51  4:23  Probe  
  51  4:24  Blink (Chrono Boost)  
  53  4:26  Phoenix  
  53  4:29  Shield Battery  
  52  4:33  Probe  
  52  4:35  Probe  
  54  4:45  Probe, Forge  
  55  4:47  Probe  
  55  4:52  Shield Battery  
  56  4:57  Probe  
  56  4:58  Stalker x2  
  56  4:59  Probe  
  59  5:02  Phoenix  
  56  5:09  Probe  
  56  5:12  Probe (Chrono Boost)  
  56  5:19  Gateway  
  56  5:21  Probe (Chrono Boost)  
  56  5:22  Protoss Ground Weapons Level 1, Gateway  
  56  5:24  Probe (Chrono Boost)  
  56  5:26  Robotics Facility  
  58  5:31  Pylon, Probe (Chrono Boost)  
  58  5:33  Probe (Chrono Boost)  
  58  5:34  Assimilator  
  60  5:40  Probe  
  60  5:42  Probe  
  62  5:55  Pylon, Probe  
  62  5:57  Nexus  
  63  6:01  Stalker, Sentry  
  67  6:05  Probe  
  67  6:07  Pylon  
  68  6:14  Gateway  
  68  6:15  Observer  
  68  6:17  Gateway  
  67  6:21  Stalker x2  
  69  6:27  Stalker x2  
  69  6:32  Pylon  
  73  6:34  Pylon  
  69  6:40  Probe  
  66  6:48  Stalker x2  
  66  6:50  Probe  
  67  6:54  Probe  
  67  6:55  Stalker  
  67  6:56  Stalker  
  67  6:57  Charge (Chrono Boost)  
  72  7:02  Probe  
  72  7:07  Pylon  
  73  7:13  Stalker  
  73  7:14  Zealot x2  
  79  7:26  Gateway  
  79  7:27  Gateway  
  79  7:30  Stalker x3  
  79  7:32  Probe  
  79  7:33  Probe  
  79  7:35  Probe  
  88  7:42  Shield Battery  
  84  7:44  Probe  
  84  7:45  Shield Battery  
  84  7:50  Probe  
  86  7:53  Warp Prism (Chrono Boost)  
  88  8:00  Stalker, Sentry  
  92  8:06  Pylon  
  92  8:09  Stalker  
  92  8:10  Stalker  
  92  8:11  Zealot  
  98  8:15  Pylon  
  98  8:19  Stalker  
  100  8:20  Zealot  
  100  8:25  Zealot x2  
  106  8:33  Warp Prism  
  106  8:39  Zealot x3  
  108  8:48  Zealot x4  
  106  8:54  Zealot  
  101  9:01  Zealot  
  101  9:02  Zealot x2  
  77  9:08  Zealot  
  63  9:13  Sentry x2  
  58  9:25  Zealot x4  
  60  9:42  Stalker x3  
  66  9:46  Zealot  

Tags
 
Add a new tag
Caveats
  • Supply blocks, unpowered buildings, or Contaminate may cause inaccurate times.
  • Supply counts are checked every 10 seconds.